AoeStats
← Navix de los Bosques de Lituania

Arena

513485517Analyzed
3v3 RM · 6d ago on Oct 13, 2026· 44m 15s· 6 players
Game mode
Random Map
Map size
Normal (6 player)
Population
200
Speed
Normal
Resources
Standard
Victory
Conquest
Starting age
Dark Age
Ending age
Imperial Age
RankedLock teamsTeams togetherTeam positionsShared explorationLock speedFull tech treeHidden civsTurbo modeCheats
Victory
Defeat
🇬🇧 Bohemians · United Kingdom
806
+10
737
+13
🇬🇧 Italians · United Kingdom
704
+13
vs
🇦🇷 Burmese · Argentina
695
-13
🇩🇪 Inca · Germany
671
-12
🇦🇷 Byzantines · Argentina
626
-11
Navix de los Bosques de Lituania
10:50 Feudal Age
13:48 Double-Bit Axe
15:38 Gold Mining
16:28 Wheelbarrow
16:34 Wheelbarrow
19:36 Scale Mail Armor
19:47 Horse Collar
25:31 Padded Archer Armor
25:22 Fletching
26:13 Forging
26:49 Loom
31:27 Castle Age
30:03 Scale Barding Armor
30:00 Arson
33:15 Chain Mail Armor
33:21 Chain Barding Armor
33:31 Pikeman
34:11 Squires
33:58 Gambesons
35:07 Fortified Wall
35:17 Ballistics
35:47 Thumb Ring
36:59 Husbandry
38:53 Iron Casting
39:11 Elite Skirmisher
39:18 Light Cavalry
41:13 Bow Saw
41:36 Hand Cart
YasD_001
0:29 Loom
11:43 Feudal Age
12:17 Double-Bit Axe
13:39 Horse Collar
20:37 Castle Age
19:29 Forging
19:12 Fletching
19:45 Padded Archer Armor
21:22 Crossbowman
21:58 Gold Mining
22:45 Bodkin Arrow
22:57 Town Watch
24:30 Stone Mining
27:04 Wheelbarrow
25:58 Elite Skirmisher
28:54 Bow Saw
29:07 Treadmill Crane
31:26 Heavy Plow
32:08 Silk Road
32:15 Leather Archer Armor
35:01 Masonry
37:42 Imperial Age
37:11 Hand Cart
37:38 Fortified Wall
37:23 Murder Holes
38:04 Capped Ram
39:38 Architecture
39:31 Ballistics
40:49 Conscription
40:59 Conscription
41:15 Hoardings
43:09 Chemistry
43:03 Bracer
43:34 Ring Archer Armor
Sneaky Brit
5:49 Loom
10:35 Feudal Age
11:21 Double-Bit Axe
12:14 Horse Collar
19:19 Castle Age
21:29 Bow Saw
21:22 Heavy Plow
28:40 Chemistry
31:29 Wheelbarrow
35:08 Imperial Age
34:12 Caravan
34:38 Pikeman
35:21 Squires
35:16 Fletching
35:27 Padded Archer Armor
35:37 Forging
35:27 Scale Mail Armor
35:50 Houfnice
35:58 Halberdier
Pepin_Pistolin
11:16 Feudal Age
17:31 Castle Age
16:50 Double-Bit Axe
16:48 Horse Collar
19:36 Stone Mining
20:31 Wheelbarrow
20:33 Champi Runner
21:42 Forging
25:15 Fletching
27:17 Loom
30:05 Champi Warrior
31:40 Town Watch
35:04 Scale Mail Armor
35:40 Iron Casting
MAS29
11:46 Feudal Age
10:04 Loom
17:27 Castle Age
16:54 Double-Bit Axe
17:31 Crossbowman
17:32 Elite Skirmisher
20:30 Bow Saw
21:30 Fletching
24:44 Bodkin Arrow
24:50 Padded Archer Armor
28:11 Wheelbarrow
27:44 Thumb Ring
28:42 Murder Holes
30:37 Ballistics
32:41 Leather Archer Armor
32:12 Treadmill Crane
39:47 Imperial Age
42:13 Chemistry
41:27 Fortified Wall
43:13 Bracer
43:56 Arbalester
munileven
10:43 Feudal Age
14:36 Castle Age
13:52 Horse Collar
24:14 Gold Mining
25:01 Sanctity
24:57 Redemption
25:03 Fervor
25:19 Bloodlines
27:19 Heavy Plow
27:52 Husbandry
30:42 Scale Barding Armor
31:28 Forging
33:55 Iron Casting
33:41 Chain Barding Armor
38:31 Imperial Age
36:59 Loom
37:49 Wheelbarrow
38:34 Elite Battle Elephant
38:36 Cavalier
Connection lost

Rejoining the realm…

Still unreachable

The connection could not be restored.

Session expired

The server has moved on; the page needs a fresh start.